 Dungeon Crawl Stone Soup version 0.28-a0-631-g0446da8ef9 (webtiles) character file.

Game seed: 5433457643151297186

584 KristoblXynda the Ducker (level 7, 0/37 HPs)
             Began as a Spriggan Berserker on Oct 10, 2021.
             Was a Believer of Trog.
             Slain by a scorpion (5 damage)
             ... on level 4 of the Dungeon.
             The game lasted 00:05:38 (5359 turns).

KristoblXynda the Ducker (Spriggan Berserker)       Turns: 5359, Time: 00:05:39

Health: 0/37       AC:  3    Str: 15    XL:     7   Next: 14%
Magic:  8/8        EV: 20    Int:  8    God:    Trog [**....]
Gold:   80         SH:  0    Dex: 15    Spells: 6/6 levels left

rFire   . . .      SeeInvis +   p - +0 dagger (flame)
rCold   . . .      Faith    .   (shield restricted)
rNeg    . . .      Spirit   .   b - +0 animal skin
rPois   .          Reflect  .   (helmet restricted)
rElec   .          Harm     .   j - +0 cloak
rCorr   .          Rampage  .   (gloves unavailable)
Will    +....                   (boots unavailable)
Stlth   +++.......              (no amulet)
HPRegen 0.12/turn               (no ring)
MPRegen 0.11/turn               (no ring)

@: lethally poisoned (0 -> -10), on berserk cooldown, slowed, quick
A: very small, no large weapons, unfitting armour, see invisible, speed 3
a: Renounce Religion, Berserk, Trog's Hand


You were on level 4 of the Dungeon.
You worshipped Trog.
Trog was pleased with you.
You visited 2 branches of the dungeon, and saw 5 of its levels.

You collected 80 gold pieces.

Inventory:

Hand Weapons
 p - a +0 dagger of flaming (weapon)
Armour
 b - a +0 animal skin (worn)
 j - a +0 cloak (worn)
Jewellery
 d - a ring of magical power
Wands
 n - a wand of iceblast (3)
Scrolls
 e - a scroll of enchant weapon {unknown}
 f - a scroll of fear
 h - a scroll of fog
Potions
 a - 2 potions of ambrosia {unknown}
 c - 2 potions of flight
 g - a potion of curing
 i - a potion of lignification
 l - 2 potions of berserk rage {unknown}
 m - 3 potions of heal wounds
 o - 2 potions of might {unknown}


   Skills:
 - Level 4.0 Fighting
 + Level 5.5 Short Blades
 + Level 6.6 Dodging
 + Level 4.3 Stealth
 + Level 0.9 Evocations


You had 6 spell levels left.
You didn't know any spells.
Your spell library contained the following spells:

 Spells                   Type           Power      Damage    Failure   Level
 Magic Dart               Conj           0%         1d3       41%         1
 Shock                    Conj/Air       0%         1d3       41%         1
 Searing Ray              Conj           0%         2d4       54%         2
 Swiftness                Air            0%         N/A       78%         3
 Airstrike                Air            0%         N/A       99%         4
 Fulminant Prism          Conj/Hex       0%         3d6       99%         4


Dungeon Overview and Level Annotations

Branches:
Dungeon (4/15)             Temple (1/1) D:4

Altars:
Ashenzari
Cheibriados
Dithmenos
Elyvilon
Fedhas
Gozag
Hepliaklqana
Kikubaaqudgha
Nemelex Xobeh
Qazlal
Ru
Sif Muna
Trog
Uskayaw
Wu Jian
Xom
Zin
The Shining One


Innate Abilities, Weirdness & Mutations

You are very small and have problems with some larger weapons.
You are too small for most types of armour.
You have supernaturally acute eyesight. (SInv)
You cover ground extremely quickly. (Speed+++)


Message History

The scorpion is heavily wounded.
You feel sick. The scorpion stings you!
You are lethally poisoned!
The scorpion poisons you!
You hit the scorpion but do no damage.
The scorpion is heavily wounded.
* * * LOW HITPOINT WARNING * * *
You feel very sick. The scorpion stings you.
* * * LOW HITPOINT WARNING * * *
You are more poisoned.
The scorpion poisons you!
You feel better. The scorpion stings you. x2
Unknown command.
Throw: throwing net
Press: ? - help, Q - select action, (/) - cycle Shift-Dir - straight line, f - scorpion
Aim: a scorpion (heavily wounded, 60% to hit)
You throw a throwing net. The throwing net hits the scorpion.
The scorpion is caught in the net!
The scorpion is heavily wounded.
The scorpion struggles against the net. x2
You hit the scorpion. You burn the scorpion.
The scorpion is heavily wounded.
The scorpion struggles against the net.
You hit the scorpion but do no damage.
The scorpion is heavily wounded.
The scorpion struggles against the net. x2
The net rips apart, and the scorpion comes free!
You hit the scorpion. You burn the scorpion.
The scorpion is severely wounded.
The scorpion stings you.
* * * LOW HITPOINT WARNING * * *
You are lethally poisoned!
The scorpion poisons you!
You hit the scorpion but do no damage.
The scorpion is severely wounded.
* * * LOW HITPOINT WARNING * * *
You feel very sick. The scorpion stings you.
You die...

.###...........##....#
.# #.#......##.##..>.###
##
#.#......##.............
# .
#).....##...⌠.⌠.⌠...#.
..##
###s######..8.8.8.....
### #.# #.........#.# #
#........(# # #
##s.##+##.# #@.# .# #..#
#†## ###


You could see a scorpion.

Vanquished Creatures
  An ogre (D:4)
  A phantom (D:3)
  A jelly (D:4)
  2 orc priests (D:3)
  A bullfrog skeleton (D:4)
  A hound (D:4)
  4 orc wizards (D:3)
  A hound skeleton (D:4)
  8 adders
  4 gnolls (D:4)
  An adder skeleton (D:4)
  3 orcs (D:3)
  7 ball pythons
  3 endoplasms
  A giant cockroach (D:3)
  3 goblins
  2 hobgoblins
  7 jackals (D:1)
  2 quokkas
  4 bats
  2 frilled lizards
  6 kobolds
  6 rats
71 creatures vanquished.

Vanquished Creatures (others)
  6 plants (D:3)
6 creatures vanquished.

Grand Total: 77 creatures vanquished

Notes
Turn   | Place    | Note
-------+----------+-------------------------------------------
     0 | D:1      | KristoblXynda the Spriggan Berserker began the quest for
                  | the Orb.
     0 | D:1      | Reached XP level 1. HP: 11/11 MP: 2/2
   425 | D:1      | Found a faded altar of an unknown god.
   445 | D:1      | Reached XP level 2. HP: 12/16 MP: 3/3
  1444 | D:2      | Found a sacrificial altar of Ru.
  1815 | D:2      | Reached ** piety under Trog
  1917 | D:2      | Reached XP level 3. HP: 9/19 MP: 4/4
  2655 | D:3      | Reached skill level 5 in Dodging
  2655 | D:3      | Reached XP level 4. HP: 24/24 MP: 5/5
  2902 | D:3      | Reached XP level 5. HP: 28/28 MP: 6/6
  2910 | D:3      | Reached skill level 1 in Stealth
  3180 | D:3      | Noticed a phantom
  3196 | D:3      | Killed a phantom
  3197 | D:3      | Reached skill level 6 in Dodging
  3197 | D:3      | Reached XP level 6. HP: 15/33 MP: 7/7
  3224 | D:3      | Reached skill level 5 in Short Blades
  4073 | D:3      | Found a glowing golden altar of the Shining One.
  4975 | D:4      | Found a staircase to the Ecumenical Temple.
  4985 | D:4      | Reached XP level 7. HP: 30/37 MP: 8/8
  5136 | Temple   | Entered the Ecumenical Temple
  5359 | D:4      | Slain by a scorpion

Illustrated notes

Levels and vault maps discovered:
D:1:      dpeg_arrival_boxorama, layout_rooms, ebering_ecumenical_altar_rust,
          amethyst_killhole, minmay_tree_intersection, minmay_tromino_i4
D:2:      layout_basic, basic_altar, chequers_big_river,
          minmay_misc_feat_secret_circle, serial_bayou_ford_a
D:3:      layout_loops_ring, nicolae_tso_swordbearing_angel, serial_forest,
          infiniplex_forest_lined_ring, infiniplex_forest_end_double,
          infiniplex_forest_corner_2, infiniplex_forest_clump_double,
          infiniplex_forest_corner_1, infiniplex_forest_clump_curved
D:4:      layout_rooms, minmay_temple_entry_drinking_statues,
          minmay_goblin_kobold_house
Temple:   eino_temple_rhombus

Skill      XL: |  1  2  3  4  5  6 |
---------------+-------------------+-----
Short Blades   | 4 5 |  5.5
Fighting       | 3 4 |  4.0
Dodging        | 5 6 |  6.6
Stealth        | 2 4 |  4.3
Evocations     | |  0.9

Action                   |  1- 3 |  4- 6 |  7- 9 || total
-------------------------+-------+-------+-------++-------
Melee: Short sword       |   101 |    29 |       ||   130
       Dagger            |       |   149 |    36 ||   185
Throw: Throwing net      |       |       |     1 ||     1
Invok: Berserk           |     4 |     6 |     1 ||    11
Evoke: Wand              |     1 |     2 |       ||     3
  Use: Potion            |     1 |       |     1 ||     2
       Scroll            |       |     6 |       ||     6
 Stab: Sleeping          |     1 |     1 |     1 ||     3
Armor: Animal skin       |     6 |     8 |     7 ||    21
Dodge: Dodged            |   103 |   108 |    31 ||   242

Table legend: (Time is in decaauts)
 A = Elapsed time spent in this place.
 B = Non-inter-level travel time spent in this place.
 C = Inter-level travel time spent in this place.
 D = Time resting spent in this place.
 E = Time spent auto-exploring this place.
 F = Levels seen in this place.
 G = Mean time per level.
                   A        B        C        D        E       F      G
               +--------+--------+--------+--------+--------+-----+--------+
         Total |   4488 |   4381 |    107 |   2194 |   1631 |   5 |  897.6 |
       Dungeon |   4387 |   4285 |    102 |   2194 |   1544 |   4 | 1096.8 |
        Temple |    101 |     97 |      4 |      0 |     87 |   1 |  101.0 |
               +--------+--------+--------+--------+--------+-----+--------+

Top non-repeatable levels by time:
     D:3: 1410 daAuts
     D:1: 1094 daAuts
     D:4: 972 daAuts
     D:2: 910 daAuts
  Temple: 101 daAuts
